 Dungeon Crawl Stone Soup version 0.22-a0-353-g2d6336e (webtiles) character file.

27 Amnesiac the Digger (level 2, -1/21 HPs)
             Began as a Mummy Earth Elementalist on Apr 15, 2018.
             Killed by divine providence
             ... invoked by an orc priest
              (10 damage)
             ... on level 4 of the Dungeon.
             The game lasted 00:00:46 (272 turns).

Amnesiac the Digger (Mummy Earth Elementalist)       Turns: 272, Time: 00:00:47

Health: -1/21      AC:  2    Str: 11    XL:     2   Next: 93%
Magic:  0/5        EV: 12    Int: 14    God:
Gold:   0          SH:  0    Dex: 12    Spells: 5/6 levels left

rFire    x . .     SeeInvis .   (no weapon)
rCold    + . .     Gourm    .   (no shield)
rNeg     + + +     Faith    .   c - +0 robe
rPois    ∞         Spirit   .   (no helmet)
rElec    .         Reflect  .   (no cloak)
rCorr    .         Harm     .   (no gloves)
MR       .....                  (no boots)
Stlth    ++........             (no amulet)
HPRegen  0.07/turn              (no ring)
MPRegen  0.09/turn              (no ring)

@: no status effects
A: no food or potions, fire vulnerability, cold resistance 1, negative energy
resistance 3, torment resistance, unbreathing
a: no special abilities


You were on level 4 of the Dungeon.
You were not hungry.

You visited 1 branch of the dungeon, and saw 5 of its levels.

Inventory:

Hand Weapons
 d - a +0 vampiric falchion
Missiles
 b - 15 stones (quivered)
Armour
 c - a +0 robe (worn)
Scrolls
 a - a scroll of random uselessness {!r, unknown}


   Skills:
 + Level 1.1 Fighting
 * Level 2.3 Dodging
 - Level 1.5 Stealth
 - Level 2.6 Spellcasting
   Level 0.7 Transmutations
 + Level 2.7 Earth Magic


You had 5 spell levels left.
You knew the following spells:

 Your Spells              Type           Power        Failure   Level  Hunger
a - Sandblast             Erth           #.....       8%          1    N/A

Dungeon Overview and Level Annotations

Branches:
Dungeon (5/15)
 Temple: D:4-7

Altars:
Okawaru


Innate Abilities, Weirdness & Mutations

You do not eat or drink.
Your flesh is vulnerable to fire.
You are immune to poison.
Your flesh is cold resistant. (rC+)
You are immune to negative energy. (rN+++)
You are immune to unholy pain and torment.
You can survive without breathing.


Message History

Confirm with . or Enter, or press ? or * to list all spells.
Aiming: Sandblast (safe; 8% risk of failure)
Press: ? - help, Shift-Dir - straight line, f - orc
Aim: an orc, wielding a whip and wearing a leather armour (hasn't noticed you)
The blast of sand hits the orc.
The orc is almost dead.
The orc shouts!
b - 18 stones You hear a shout! x2; You hear an angry hiss.
An orc priest comes into view. It is wielding a mace.
Casting: Sandblast (safe; 8% risk of failure)
Confirm with . or Enter, or press ? or * to list all spells.
Aiming: Sandblast (safe; 8% risk of failure)
Press: ? - help, Shift-Dir - straight line, f/p - orc
Aim: an orc, wielding a whip and wearing a leather armour (almost dead)
The blast of sand hits the orc.
You kill the orc!
b - 17 stones
Casting: Sandblast (safe; 8% risk of failure)
Confirm with . or Enter, or press ? or * to list all spells.
Aiming: Sandblast (safe; 8% risk of failure)
Press: ? - help, Shift-Dir - straight line, f - orc priest
Aim: an orc priest, wielding a mace The blast of sand hits the orc priest.
The orc priest is lightly wounded.
b - 16 stones
Casting: Sandblast (safe; 8% risk of failure)
Confirm with . or Enter, or press ? or * to list all spells.
Aiming: Sandblast (safe; 8% risk of failure)
Press: ? - help, Shift-Dir - straight line, f/p - orc priest
Aim: an orc priest, wielding a mace (lightly wounded)
The blast of sand hits the orc priest.
The orc priest is heavily wounded.
b - 15 stones
Casting: Sandblast (safe; 8% risk of failure)
Confirm with . or Enter, or press ? or * to list all spells.
You don't have enough magic to cast that spell.
Casting: Sandblast (safe; 8% risk of failure)
Confirm with . or Enter, or press ? or * to list all spells.
You don't have enough magic to cast that spell.
Casting: Sandblast (safe; 8% risk of failure)
Confirm with . or Enter, or press ? or * to list all spells.
You don't have enough magic to cast that spell.
Press: ? - help, v - describe, . - travel, g - get item A vampiric falchion.
The floor.
Unknown command.
Wield which item (- for none, * to show all)? (? for menu, Esc to quit)
Okay, then.
A frilled lizard comes into view.
The orc priest misses you.
The orc priest mumbles some strange prayers to Beogh against you.
Beogh smites you!
Ouch! That really hurt!
* * * LOW HITPOINT WARNING * * *
You hear a shout!
Found an iron altar of Okawaru.
Things that are here:
a whip; a leather armour; an orc corpse You see here a vampiric falchion.
d - a vampiric falchion The orc priest mumbles some strange prayers to Beogh against you.
Beogh smites you!
You die...

#.......<....#
#.####>#####†#
#.# ###.###
#.# #.....#
#.###.###%####
#..... #.....#
#####.##o###.#
#....)# ..
#...#.@# ##
......(l....#
#.........###
..#######... .
## .### ## .#
+_ #


You could see an orc priest and a frilled lizard.

Vanquished Creatures
  2 adders
  2 orcs (D:4)
  A goblin (D:2)
  A quokka (D:2)
  A bat (D:1)
  2 frilled lizards
9 creatures vanquished.

Notes
Turn   | Place    | Note
-------+----------+-------------------------------------------
     0 | D:1      | Amnesiac the Mummy Earth Elementalist began the quest for the Orb.
     0 | D:1      | Reached XP level 1. HP: 13/13 MP: 4/4
   114 | D:2      | Reached XP level 2. HP: 20/20 MP: 2/5
   169 | D:5      | Entered Level 5 of the Dungeon
   181 | D:4      | Reached skill level 1 in Fighting
   270 | D:4      | Found an iron altar of Okawaru.
   272 | D:4      | Killed from afar by an orc priest

Vault maps used:
D:1:      saegor_arrival_simple_d, kennysheep_nondescript,
          minmay_misc_feat_alley, st_stairs_14
D:2:      marbit_many_paths, minmay_ruptured
D:3:      uniq_jessica
D:4:      lemuel_doored_altar, uniq_robin
D:5:      lemuel_ice_spiral_2, first_ration, serial_bayou_pond_d, goddamned_bats

Skill      XL: |  1  2 |
---------------+-------+-----
Dodging        | 2 |  2.3
Fighting       | 1 |  1.1
Stealth        | |  1.5
Spellcasting   | |  2.6
Transmutations | |  0.7
Earth Magic    | |  2.7

Action                   || total
-------------------------++-------
Melee: Unarmed           ||    10
 Cast: Sandblast         ||    15
 Stab: Sleeping          ||     2
Armor: Robe              ||     1
Dodge: Dodged            ||     9

Table legend:
 A = Spawn XP
 B = Non-spawn XP
 C = Spawn XP percentage of total XP
 D = Spawn monster count
 E = Non-spawn monster count
 F = Spawn count percentage of total count
 G = Total turns spent on level
                    A         B        C        D         E        F      G
               +---------+---------+-------+---------+---------+-------+---------
         Total |       0 |      39 |   0.0 |       0 |       9 |   0.0 |   272
               +---------+---------+-------+---------+---------+-------+---------
           D:1 |       0 |       2 |   0.0 |       0 |       2 |   0.0 |    42
           D:2 |       0 |      18 |   0.0 |       0 |       4 |   0.0 |   105
           D:4 |       0 |      19 |   0.0 |       0 |       3 |   0.0 |   113
               +---------+---------+-------+---------+---------+-------+---------
